 Dungeon Crawl Stone Soup version 0.32-a0-841-g4648e6c457 (webtiles) character file.

Game seed: 15090045219988553604

59 Maxmaps the Trooper (level 4, -1/31 HPs)
             Began as an Octopode Shapeshifter on Mar 26, 2024.
             Killed from afar by an orc wizard (11 damage)
             ... with a puff of flame
             ... on level 3 of the Dungeon.
             The game lasted 00:01:21 (1252 turns).

Maxmaps the Trooper (Octopode Shapeshifter)         Turns: 1252, Time: 00:01:21

Health: -1/31      AC:  1    Str: 13    XL:     4   Next: 3%
Magic:  0/4        EV: 12    Int: 14    God:
Gold:   187        SH:  0    Dex: 11    Spells: 3/3 levels left

rFire   . .          .
                       - Unarmed
rCold   . . .        (no shield)
rNeg    + . .        (helmet currently unavailable)
rPois   .            k - amulet of guardian spirit
rElec   .            p - ring of positive energy
rCorr   .            (no ring)
SInv    .            (no ring)
Will    .....        (no ring)
Stlth   ++           (no ring)
HPRegen 0.25/turn    (no ring)
MPRegen 0.09/turn    (no ring)
                     (no ring)

%: guardian spirit
@: confused, beast-form
A: beast (slay +1), almost no armour, amphibious, 8 rings, camouflage 1,
gelatinous body 1, (nimble swimmer 1), tentacles
a: Begin Untransformation


You were on level 3 of the Dungeon.
You were a hulking beast.
You visited 1 branch of the dungeon, and saw 3 of its levels.

You collected 187 gold pieces.

Inventory:

Missiles
 q - a throwing net (quivered)
Magical Staves
 i - a staff of conjuration
Jewellery
 k - an amulet of guardian spirit (around mantle)
 p - a ring of positive energy (left tentacle)
Talismans
 b - a beast talisman (active)
 c - a flux talisman
Scrolls
 e - 2 scrolls of identify {unknown}
 h - a scroll of vulnerability {unknown}
 j - 3 scrolls of enchant armour {unknown}
 m - a scroll of fear {unknown}
Potions
 a - a potion of lignification
 d - a potion of curing {unknown}
 f - a potion of heal wounds {unknown}
 g - 2 potions of brilliance {unknown}
 l - a potion of haste {unknown}
 n - a potion of enlightenment {unknown}
 o - a potion of ambrosia {unknown}


   Skills:
 - Level 3.1 Fighting
 - Level 2.0 Dodging
 + Level 2.6 Stealth
 - Level 3.0 Unarmed Combat
 - Level 3.0 Shapeshifting


You had 3 spell levels left.
You didn't know any spells.
Your spell library was empty.

Dungeon Overview and Level Annotations

Branches:
Dungeon (3/15)

Altars:
Okawaru


Innate Abilities, Weirdness & Mutations

You are a hulking beast.
Your limbs bulge with bestial killing power. (Slay +1)
You cannot wear most types of armour.
You are amphibious.
You can wear up to eight rings at the same time.
Your skin changes colour to match your surroundings (Stealth+).
Your rubbery body absorbs attacks. (AC +1, EV +1)
((You are camouflaged when in or above water. (Stealth+)))
You have tentacles for arms and can constrict up to eight enemies at once.


Message History

You tentacle-slap the ball python but do no damage.
You grab the ball python.
You tentacle-slap the ball python, but do no damage.
You constrict the ball python. The ball python closely misses you.
The ball python grabs you. The ball python constricts you.
An orc comes into view. It is wielding a +0 short sword.
The ball python's grasp on you weakens, but your attempt to escape fails.
You constrict the ball python.
You kill the ball python!
An orc comes into view. It is wielding a +0 club.
An orc comes into view. It is wielding a +0 dagger.
The orc hits you with a +0 flail of protection.
The orc priest mumbles some strange prayers to Beogh against you.
Beogh smites you!
The orc wizard attacks as it pursues you!
The orc wizard closely misses you.
The orc throws a boomerang.
The boomerang hits you.
An orc comes into view. It is wielding a +0 club.
The orc priest shouts, "Beogh offers mercy even to people such as you.
Join us and be reborn!" (press Y on the ability menu to convert to Beogh)
The orc wizard mumbles some strange words.
The orc wizard flickers and vanishes!
Deactivating autopickup; reactivate with Ctrl-A.
There are monsters nearby!
There are monsters nearby!
There are monsters nearby!
There are monsters nearby!
There are monsters nearby!
There are monsters nearby!
There are monsters nearby!
A magic dart appears from out of thin air!
The magic dart hits you.
* * * LOW HITPOINT WARNING * * *
An orc is nearby!
You are confused.
You're too confused to move!
You bump into the rock wall.
A puff of flame appears from out of thin air!
The puff of flame hits you!
You die...

#...# #.......# #.#
#..# #.......#####.#
#.. #.............#
... #.......#######
### #.##.##.# ..
#.##.##.###
#..###.##.##...##
#......#.......#
#####h.....#.#.#
##.###†.._..# #..#
#..#.#.# #.##
#...... ...o... #.#
###.####
..o....########{# .#
.............##o####
.#
........####..oo...#
.# ........#
#..o....#


You could see 3 orcs.

Vanquished Creatures
  2 adders (D:2)
  An orc (D:3)
  4 ball pythons
  3 endoplasms
  3 giant cockroaches
  2 goblins (D:1)
  3 hobgoblins
  A quokka (D:1)
  7 bats
  6 frilled lizards
  4 kobolds
  5 rats
41 creatures vanquished.

Notes
Turn   | Place    | Note
-------+----------+-------------------------------------------
     0 | D:1      | Maxmaps the Octopode Shapeshifter began the quest for the
                  | Orb.
     0 | D:1      | Reached XP level 1. HP: 13/13 MP: 1/1
    36 | D:1      | Reached XP level 2. HP: 14/19 MP: 2/2
   324 | D:1      | Reached XP level 3. HP: 25/25 MP: 3/3
   694 | D:2      | Reached skill level 1 in Stealth
   871 | D:2      | Found a faded altar of an unknown god.
  1145 | D:3      | Reached XP level 4. HP: 31/31 MP: 4/4
  1194 | D:3      | Found an iron altar of Okawaru.
  1252 | D:3      | Killed from afar by an orc wizard

Illustrated notes

Levels and vault maps discovered:
D:1:      wander_arrival_chamber, layout_rooms, hex_intersection
D:2:      layout_loops_ring, ebering_ecumenical_altar_rust,
          minmay_misc_feat_nine_boxes, minmay_misc_feat_roman, minivault_26,
          minmay_split_cup_small
D:3:      kennysheep_the_goblin_king, layout_rooms, okawaru_metal_pillars_1_2,
          biasface_ghost_orc_armoury, kennysheep_potato

Skill      XL: |  1  2  3 |
---------------+----------+-----
Fighting       | 2 3 |  3.1
Stealth        | 2 |  2.6
Dodging        | |  2.0
Unarmed Combat | |  3.0
Shapeshifting  | |  3.0

Action                     |  1- 3 |  4- 6 || total
---------------------------+-------+-------++-------
  Melee: Unarmed           |    57 |     3 ||    60
         Tentacles         |    13 |     1 ||    14
         Constrict         |    16 |     1 ||    17
         Punch             |       |     1 ||     1
   Stab: Sleeping          |     5 |       ||     5
 Armour: Skin              |    13 |     5 ||    18
  Dodge: Dodged            |    27 |     2 ||    29

Table legend: (Time is in decaauts)
 A = Elapsed time spent in this place.
 B = Non-inter-level travel time spent in this place.
 C = Inter-level travel time spent in this place.
 D = Time resting spent in this place.
 E = Time spent auto-exploring this place.
 F = Levels seen in this place.
 G = Mean time per level.
                   A        B        C        D        E       F      G
               +--------+--------+--------+--------+--------+-----+--------+
         Total |   1248 |   1225 |     23 |      0 |   1008 |   3 |  416.0 |
       Dungeon |   1248 |   1225 |     23 |      0 |   1008 |   3 |  416.0 |
               +--------+--------+--------+--------+--------+-----+--------+

Top non-repeatable levels by time:
     D:2: 652 daAuts
     D:1: 474 daAuts
     D:3: 120 daAuts
